 Dungeon Crawl Stone Soup version 0.28.0-43-g3370ac3207 (webtiles) character file.

Game seed: 12158443425616303346

4475 silky the Fighter (level 10, -25/91 HPs)
             Began as a Minotaur Chaos Knight on Mar 30, 2022.
             Was a Plaything of Xom.
             Annihilated by a two-headed ogre
             ... wielding a +0 giant club
              (27 damage)
             ... on level 9 of the Dungeon.
             The game lasted 00:35:37 (11179 turns).

silky the Fighter (Minotaur Chaos Knight)          Turns: 11179, Time: 00:35:38

Health: -25/91     AC: 16    Str: 21      XL:     10   Next: 15%
Magic:  9/9        EV:  9    Int:  9      God:    Xom [..*...]
Gold:   467        SH:  0    Dex:  8 (10) Spells: 9/9 levels left

rFire   + . .      SeeInvis .   g - +2 lajatang (vamp)
rCold   . . .      Faith    .   (shield currently unavailable)
rNeg    . . .      Spirit   .   z - +2 chain mail {rPois}
rPois   +          Reflect  .   (helmet restricted)
rElec   .          Harm     .   (no cloak)
rCorr   .          Rampage  .   c - +2 pair of gloves
Will    .....                   (no boots)
Stlth   ..........              (no amulet)
HPRegen 0.25/turn               (no ring)
MPRegen 0.11/turn               (no ring)

@: brilliant, studying Spellcasting
A: horns 2, retaliatory headbutt, deterioration 1, fire resistance 1, sense
surroundings 1, screaming 1
a: Renounce Religion


You were on level 9 of the Dungeon.
You worshipped Xom.
You were a toy of Xom.
You visited 1 branch of the dungeon, and saw 9 of its levels.
You also visited: Sewer.

You collected 467 gold pieces.

Inventory:

Hand Weapons
 d - a +3 rapier of speed
 g - a +2 vampiric lajatang (weapon)
 r - a +3 whip of flaming
 C - the +4 shortbow of Exquisite Death {freeze, SInv}
   (You found it on level 8 of the Dungeon)

   Any ammunition fired from it freezes those it strikes, dealing additional
   cold damage.
   It can also slow down cold-blooded creatures.
   SInv:      It lets you see invisible.
Armour
 c - a +2 pair of gloves (worn)
 z - a +2 chain mail of poison resistance (worn)
Jewellery
 o - a ring of fire
 t - a ring of ice
Wands
 k - a wand of digging (5)
 v - a wand of iceblast (9)
 y - a wand of flame (10)
Scrolls
 a - a scroll of magic mapping {unknown}
 b - a scroll of vulnerability
 i - 3 scrolls of teleportation
 j - a scroll of noise {unknown}
 l - 2 scrolls of amnesia
 x - a scroll of fear
 E - a scroll of torment {unknown}
Potions
 e - a potion of curing
 f - 3 potions of ambrosia {unknown}
 h - 4 potions of attraction {unknown}
 n - 2 potions of flight
 q - a potion of berserk rage {unknown}
 s - 2 potions of magic
 u - 2 potions of degeneration {unknown}
 w - a potion of might {unknown}
 A - 2 potions of brilliance {unknown}
 B - 2 potions of haste
 D - 2 potions of invisibility {unknown}


   Skills:
 + Level 9.0 Fighting
 + Level 7.8 Short Blades
 + Level 5.2 Axes
 + Level 0.9(6.0) Maces & Flails
 + Level 7.7 Staves
 + Level 8.4 Armour
 + Level 4.8 Dodging
 + Level 1.3 Stealth


You had 9 spell levels left.
You didn't know any spells.
Your spell library contained the following spells:

 Spells                   Type           Power      Damage    Failure   Level
 Apportation              Tloc           0%         N/A       96%         1
 Foxfire                  Conj/Fire      0%         2x1d4     96%         1
 Conjure Flame            Conj/Fire      0%         6-21      100%        3
 Inner Flame              Hex/Fire       0%         N/A       100%        3
 Flame Wave               Conj/Fire      0%         2d4       100%        4
 Alistair's Intoxication  Tmut/Pois      0%         N/A       100%        5


Dungeon Overview and Level Annotations

Branches:
Dungeon (9/15)             Temple (0/1) D:5           Sewer (visited)
   Lair: D:8-11         Orc: D:9-12

Altars:
Dithmenos
Hepliaklqana
Makhleb
Ru
Sif Muna
Uskayaw
Vehumet
Xom
The Shining One
Beogh

Shops:
D:5 :


Innate Abilities, Weirdness & Mutations

You have a pair of horns on your head.
You reflexively headbutt those who attack you in melee.
Your body sometimes deteriorates upon taking damage.
Your flesh is heat resistant. (rF+)
You passively map a small area around you.
You occasionally shout uncontrollably at your foes.


Message History

You headbutt the two-headed ogre, but do no damage.
The two-headed ogre is heavily wounded.
The two-headed ogre hits you but does no damage.
The two-headed ogre hits you with a +0 giant club!
Your body deteriorates!
You feel clumsy.
You barely miss the two-headed ogre. You headbutt the two-headed ogre.
The two-headed ogre is heavily wounded.
The two-headed ogre barely misses you.
The two-headed ogre hits you with a +0 giant club!
Your body deteriorates!
You feel clumsy.
You closely miss the two-headed ogre. You headbutt the two-headed ogre!
The two-headed ogre is severely wounded.
The two-headed ogre hits you but does no damage. x2
You hit the two-headed ogre but do no damage.
You headbutt the two-headed ogre, but do no damage.
The two-headed ogre is severely wounded.
The two-headed ogre hits you with a +0 giant club!
* * * LOW HITPOINT WARNING * * *
The two-headed ogre hits you with a +0 giant club!
* * * LOW HITPOINT WARNING * * *
The centaur wields a +0 shortbow.
The centaur shoots an arrow.
The arrow barely misses you.
The centaur shoots an arrow.
The arrow hits you but does no damage.
The centaur shoots an arrow.
The arrow hits you but does no damage.
There is an open door here.
The centaur shoots an arrow.
The arrow hits you.
* * * LOW HITPOINT WARNING * * *
You feel better.
You slash the two-headed ogre!
The two-headed ogre is almost dead.
The two-headed ogre hits you with a +0 giant club.
* * * LOW HITPOINT WARNING * * *
The two-headed ogre hits you with a +0 giant club!
* * * LOW HITPOINT WARNING * * *
You hit the two-headed ogre.
You feel better.
You headbutt the two-headed ogre, but do no damage.
The two-headed ogre is almost dead.
The two-headed ogre hits you with a +0 giant club!!
You die...
Xom titters!

,#...,,* , ,
#...#############+# *
,*** #...............
,, ,
,......#.............
.....,#.............
, c....,
#............. , ,
#######.............
, ........#'#########
........#.O@.......
.........'.c........
.........#..........
, ,
.........#....######
........#######, *
........'.....#, ,*
........#.....# , ,
...######.....#
,...#...##....##


Z You could see a two-headed ogre and a centaur.

Vanquished Creatures
  A jumping spider (shapeshifter) (D:4)
  A wraith (D:9)
  A wyvern (D:8)
  A water moccasin (D:9)
  A hornet zombie (D:6)
  2 ice beasts
  3 black bears
  6 orc warriors
  2 sky beasts
  An ogre (D:5)
  5 centaurs
  2 kobold brigands
  A bullfrog (D:8)
  A gnoll sergeant (D:9)
  2 wyvern zombies
  3 scorpions
  4 wights (D:8)
  A water moccasin skeleton (D:6)
  2 jellies
  A centaur zombie (D:6)
  6 orc priests
  A gnoll shaman (D:4)
  10 orc wizards
  4 iguanas
  A killer bee zombie (D:7)
  A hound skeleton (D:4)
  15 gnolls
  7 adders
  2 river rats (Sewer)
  An ufetubus (D:4)
  An adder skeleton (D:4)
  2 dart slugs
  36 orcs
  8 endoplasms
  4 giant cockroaches
  13 goblins
  10 hobgoblins
  11 jackals
  16 kobolds
  14 quokkas
  6 ball pythons
  6 bats
  8 frilled lizards
  A jackal zombie (D:5)
  5 rats
230 creatures vanquished.

Vanquished Creatures (collateral kills)
  A water moccasin (D:7)
  An orc warrior (D:7)
  A water moccasin zombie (D:6)
  4 gnolls (D:6)
  An orc (D:7)
  An endoplasm (D:4)
  A kobold (Sewer)
10 creatures vanquished.

Vanquished Creatures (others)
  A scorpion (D:4)
  2 adders (D:4)
  An ufetubus (D:4)
  A hobgoblin (D:4)
  A kobold (D:4)
  2 ball pythons (D:4)
  A plant (D:4)
9 creatures vanquished.

Grand Total: 249 creatures vanquished

Notes
Turn   | Place    | Note
-------+----------+-------------------------------------------
     0 | D:1      | silky the Minotaur Chaos Knight began the quest for the
                  | Orb.
     0 | D:1      | Reached XP level 1. HP: 19/19 MP: 0/0
   242 | D:1      | Found a faded altar of an unknown god.
   262 | D:1      | Reached skill level 4 in Fighting
   272 | D:1      | Reached XP level 2. HP: 27/27 MP: 1/1
   505 | D:1      | XOM: cast spell 'Call Canine Familiar'
   864 | D:1      | Reached XP level 3. HP: 29/34 MP: 2/2
   914 | D:1      | XOM: summons 1 hostile demon
  1072 | D:1      | XOM: give mutation
  1072 | D:1      | Gained mutation: You sometimes lose the ability to read
                  | scrolls when taking damage. [Xom's mischief]
  1087 | D:1      | XOM: summons 2 hostile shadow creatures
  1823 | D:2      | Reached XP level 4. HP: 11/41 MP: 3/3
  2147 | D:2      | Reached skill level 5 in Fighting
  2654 | D:3      | Found a hide-covered altar of Uskayaw.
  2656 | D:3      | Found a hazy altar of Hepliaklqana.
  2676 | D:3      | Found a burning altar of Makhleb.
  2716 | D:3      | Reached skill level 5 in Axes
  2716 | D:3      | Reached XP level 5. HP: 46/48 MP: 4/4
  2749 | D:3      | Found a glowing drain.
  2766 | Sewer    | Entered a sewer
  2790 | Sewer    | XOM: torment (18/48 hp)
  2896 | Sewer    | XOM: stat loss: -1 Str (18/19)
  3065 | Sewer    | XOM: summons friendly quasit
  3083 | Sewer    | Reached skill level 1 in Short Blades
  3083 | Sewer    | Reached XP level 6. HP: 44/56 MP: 5/5
  3125 | Sewer    | Found a white marble altar of Elyvilon.
  3190 | D:3      | XOM is BORED!
  3804 | D:4      | XOM: silly message
  4105 | D:4      | XOM: summons 1 hostile demon
  4278 | D:4      | XOM is BORED!
  4278 | D:4      | XOM: summons 4 hostile demons
  4294 | D:4      | XOM: smoke on damage
  4352 | D:4      | XOM: give mutations
  4352 | D:4      | Gained mutation: Your mind is acute. (Int +2) [Xom's
                  | mischief]
  4352 | D:4      | Gained mutation: You passively map a small area around you.
                  | [Xom's mischief]
  4511 | D:4      | XOM: draining
  4549 | D:4      | Found a shimmering altar of Xom.
  4550 | D:4      | XOM: chaos upgrade
  4573 | D:4      | XOM: summons friendly white imp
  4638 | D:4      | Reached XP level 7. HP: 46/56 MP: 6/6
  4799 | D:4      | XOM: 4-stop teleportation journey
  4977 | D:4      | Noticed a shapeshifter
  4977 | D:4      | a kobold changed into a shapeshifter
  4977 | D:4      | XOM: scenery: 1 doors close
  4977 | D:4      | Noticed a jumping spider
  4977 | D:4      | a shapeshifter changed into a jumping spider
  4980 | D:4      | XOM: potion effect (might)
  4985 | D:4      | Found a glowing golden altar of the Shining One.
  4986 | D:4      | XOM: divination: magic mapping
  4991 | D:4      | Killed a jumping spider
  4995 | D:4      | XOM: silly message
  5077 | D:4      | XOM: god gift: brown potion {god gift}
  5399 | D:5      | Entered Level 5 of the Dungeon
  5410 | D:5      | Identified a scroll of acquirement
  5411 | D:5      | Acquired a +3 rapier of speed
  5422 | D:5      | Reached skill level 6 in Fighting
  5422 | D:5      | Reached skill level 1 in Stealth
  5427 | D:5      | Reached skill level 5 in Armour
  5530 | D:5      | XOM: 1-stop teleportation journey
  5552 | D:5      | XOM: give mutations
  5552 | D:5      | Gained mutation: You occasionally shout uncontrollably at
                  | your foes. [Xom's mischief]
  5552 | D:5      | Gained mutation: You are clumsy. (Dex -2) [Xom's mischief]
  5552 | D:5      | Lost mutation: Your mind is acute. (Int +2) [Xom's
                  | mischief]
  5552 | D:5      | Gained mutation: Armour fits poorly on your strangely
                  | shaped body. [Xom's mischief]
  5619 | D:5      | XOM: smoke on damage
  5623 | D:5      | Reached XP level 8. HP: 56/71 MP: 7/7
  6048 | D:5      | Reached skill level 5 in Short Blades
  6149 | D:5      | XOM: 1-stop teleportation journey
  6287 | D:5      | Found Haurch's Book Shop.
  6553 | D:5      | XOM: give mutations
  6553 | D:5      | Lost mutation: Armour fits poorly on your strangely shaped
                  | body. [Xom's mischief]
  6553 | D:5      | Gained mutation: Your body sometimes deteriorates upon
                  | taking damage. [Xom's mischief]
  6666 | D:5      | Found a staircase to the Ecumenical Temple.
  6812 | D:5      | Found a shimmering blue altar of Sif Muna.
  7126 | D:6      | XOM: summons 5 hostile demons
  7369 | D:6      | Reached skill level 7 in Fighting
  7486 | D:6      | XOM: summons 2 hostile shadow creatures
  7504 | D:6      | XOM: cast spell 'Summon Hydra'
  7592 | D:6      | Reached XP level 9. HP: 33/80 MP: 8/8
  7594 | D:6      | XOM: enchant monster (good)
  7821 | D:6      | XOM: god gift: 52 gold pieces
  7995 | D:6      | You fall into a shaft and drop 2 floors!
  8025 | D:8      | Reached skill level 1 in Staves
  8028 | D:8      | XOM: smoke on damage
  8633 | D:7      | XOM: give mutation
  8633 | D:7      | Gained mutation: Your flesh is heat resistant. (rF+) [Xom's
                  | grace]
  8685 | D:7      | Found a radiant altar of Vehumet.
  8852 | D:7      | Found a shadowy altar of Dithmenos.
  8877 | D:7      | XOM: 5-stop teleportation journey
  8996 | D:7      | Acquired a manual of Spellcasting
  9054 | D:7      | XOM: cloud trail
  9273 | D:7      | XOM: summons 6 friendly demons
  9327 | D:7      | XOM: divination: detect creatures
  9329 | D:7      | XOM: potion effect (brilliance)
  9337 | D:7      | XOM: summons 9 friendly demons
  9340 | D:7      | Reached skill level 8 in Fighting
  9342 | D:7      | Reached skill level 5 in Staves
  9603 | D:7      | XOM: summons 1 hostile shadow creature
  9992 | D:8      | Identified the +4 shortbow of Exquisite Death {freeze,
                  | SInv}
 10312 | D:8      | XOM: swap monsters
 10604 | D:8      | XOM: enchant monster (bad)
 10738 | D:9      | XOM: stealth player
 10777 | D:9      | Reached XP level 10. HP: 40/90 MP: 9/9
 10782 | D:9      | XOM: summons friendly quasit
 10790 | D:9      | Lost mutation: You sometimes lose the ability to read
                  | scrolls when taking damage. [potion of mutation]
 10790 | D:9      | Lost mutation: You are clumsy. (Dex -2) [potion of
                  | mutation]
 10790 | D:9      | Lost mutation: You passively map a small area around you.
                  | [potion of mutation]
 10790 | D:9      | Gained mutation: You passively map a small area around you.
                  | [potion of mutation]
 10834 | D:9      | Found a sacrificial altar of Ru.
 10988 | D:9      | XOM: divination: detect creatures
 11107 | D:9      | Reached skill level 9 in Fighting
 11153 | D:9      | XOM: silly message
 11156 | D:9      | Noticed a two-headed ogre
 11162 | D:9      | XOM: potion effect (brilliance)
 11178 | D:9      | HP: 1/91 [two-headed ogre/+0 giant club (10)]
 11179 | D:9      | Annihilated by a two-headed ogre

Illustrated notes

Levels and vault maps discovered:
D:1:      scummos_arrival_gate, layout_basic, ebering_ecumenical_altar_hall
D:2:      layout_basic, minmay_indecisive_spiral
D:3:      layout_loops_ring, mainiacjoe_overflow_brackets,
          grunt_temple_overflow_open, portal_sewer_entry_f
D:4:      corexii_shack_village, layout_loops_corners, xom_confusion_cloud,
          nicolae_tso_swordbearing_angel
D:5:      layout_layer_cave, general_overflow_altar,
          minmay_temple_entry_enclosed_plants, enter_ossuary_3, serial_shops,
          shop, roderic_roman_lattice
D:6:      layout_basic
D:7:      layout_layer_cave, mainiacjoe_overflow_alcove_1,
          nicolae_overflow_crystal_walls, enter_bailey_5
D:8:      layout_loops_cross, special_room [special_room_orc]
D:9:      layout_gridville, mainiacjoe_overflow_surrounded_room, minmay_circle_x

Skill      XL: |  1  2  3  4  5  6  7  8  9 10 |
---------------+-------------------------------+-----
Fighting       | 4 5 6 7 8 9 |  9.0
Axes           | 4 5 |  5.2
Armour         | 3 4 5 6 8 |  8.4
Dodging        | 2 3 4 |  4.8
Short Blades   | 1 3 4 7 |  7.8
Stealth        | 1 |  1.3
Staves         | 7 |  7.7
Maces & Flails | |  0.9

Action                   |  1- 3 |  4- 6 |  7- 9 | 10-12 || total
-------------------------+-------+-------+-------+-------++-------
Melee: Hand axe          |    74 |       |       |       ||    74
       Headbutt          |     8 |    33 |    65 |    12 ||   118
       Punch             |     1 |     3 |     3 |       ||     7
       Short sword       |       |   262 |     1 |       ||   263
       Rapier            |       |       |   186 |       ||   186
       Whip              |       |       |    21 |       ||    21
       Lajatang          |       |       |   181 |    46 ||   227
  Use: Scroll            |       |       |     9 |       ||     9
       Potion            |       |       |     3 |     4 ||     7
 Stab: Confused          |     1 |       |       |       ||     1
Armor: Leather armour    |    27 |   113 |       |       ||   140
       Plate armour      |       |    18 |   372 |       ||   390
       Chain mail        |       |       |    70 |    42 ||   112
Dodge: Dodged            |    51 |   180 |   201 |    27 ||   459
